 Dungeon Crawl Stone Soup version 0.29-a0-297-g7659ce593d (webtiles) character file.

Game seed: 14994329291997200021

1198 Peloso the Slasher (level 8, -15/70 HPs)
             Began as a Minotaur Fighter on Mar 20, 2022.
             Demolished by an ogre
             ... wielding a +0 giant spiked club
              (26 damage)
             ... on level 5 of the Dungeon.
             The game lasted 00:06:55 (5272 turns).

Peloso the Slasher (Minotaur Fighter)               Turns: 5272, Time: 00:06:55

Health: -15/70     AC: 17    Str: 23    XL:     8   Next: 20%
Magic:  7/7        EV:  7    Int:  9    God:
Gold:   122        SH:  5    Dex: 14    Spells: 7/7 levels left

rFire   . . .      SeeInvis .   a - +0 long sword
rCold   . . .      Faith    .   c - +0 buckler
rNeg    . . .      Spirit   .   r - +0 plate armour
rPois   .          Reflect  .   (helmet restricted)
rElec   .          Harm     .   d - +2 cloak of the Tired Mice {rCorr Int+4}
rCorr   +          Rampage  .   (no gloves)
Will    .....                   v - +0 pair of boots
Stlth   ..........              (no amulet)
HPRegen 0.21/turn               (no ring)
MPRegen 0.10/turn               (no ring)

@: no status effects
A: horns 2, retaliatory headbutt, agile 1, strong 1
a: no special abilities


You were on level 5 of the Dungeon.
You visited 1 branch of the dungeon, and saw 5 of its levels.

You collected 122 gold pieces.

Inventory:

Hand Weapons
 a - a +0 long sword (weapon)
Missiles
 x - 2 throwing nets (quivered)
Armour
 b - a +0 scale mail
 c - a +0 buckler (worn)
 d - the +2 cloak of the Tired Mice (worn) {rCorr Int+4}
   (You found it on level 4 of the Dungeon)

   Int:       It affects your intelligence (+4).
   rCorr:     It protects you from acid and corrosion.
 r - a +0 plate armour (worn)
 v - a +0 pair of boots (worn)
Jewellery
 e - a ring of wizardry
 g - a ring of wizardry
 n - an amulet of faith
 t - a ring of positive energy
Wands
 w - a wand of flame (9)
Scrolls
 f - a scroll of summoning {unknown}
 i - 2 scrolls of fog {unknown}
 j - a scroll of amnesia {unknown}
 k - a scroll of teleportation {unknown}
 m - a scroll of vulnerability {unknown}
 o - a scroll of magic mapping {unknown}
 q - 2 scrolls of identify {unknown}
 s - a scroll of blinking {unknown}
 u - a scroll of holy word {unknown}
 y - a scroll of brand weapon {unknown}
Potions
 h - a potion of mutation
 l - a potion of curing
 p - a potion of haste
 z - a potion of attraction {unknown}
 A - a potion of lignification {unknown}
 B - 2 potions of brilliance {unknown}


   Skills:
 + Level 5.7 Fighting
 + Level 7.8 Long Blades
 + Level 7.3 Armour
 + Level 1.5 Dodging
 + Level 0.7 Stealth
 + Level 5.4 Shields


You had 7 spell levels left.
You didn't know any spells.
Your spell library contained the following spells:

 Spells                   Type           Power      Damage    Failure   Level
 Beastly Appendage        Tmut           0%         N/A       100%        1
 Ensorcelled Hibernation  Hex/Ice        0%         N/A       100%        2
 Passwall                 Tmut/Erth      0%         N/A       100%        2
 Wereblood                Tmut           0%         N/A       100%        2
 Spider Form              Tmut/Pois      0%         N/A       100%        3
 Swiftness                Air            0%         N/A       100%        3
 Tukima's Dance           Hex            0%         N/A       100%        3
 Passage of Golubria      Tloc           0%         N/A       100%        4
 Yara's Violent Unravell  Hex/Tmut       0%         3d3       100%        5


Dungeon Overview and Level Annotations

Branches:
Dungeon (5/15)
 Temple: D:4-7

Altars:


Innate Abilities, Weirdness & Mutations

You have a pair of horns on your head.
You reflexively headbutt those who attack you in melee.
You are agile. (Dex +2)
Your muscles are strong. (Str +2)


Message History

You feel very sick.
You hit the ice beast.
The ice beast is heavily wounded.
You feel sick.
The ice beast hits you but does no damage.
You barely miss the ice beast.
The ice beast is heavily wounded.
You feel sick.
The ice beast hits you but does no damage.
You slash the ice beast!
You kill the ice beast!
You feel sick.
You barely miss the ogre.
You headbutt the ogre, but do no damage.
You feel sick. The ogre closely misses you.
You hit the ogre.
The ogre is lightly wounded.
You feel sick.
The ogre hits you with a +0 giant spiked club.
You hit the ogre.
The ogre is lightly wounded.
You feel sick.
You slash the ogre! You headbutt the ogre.
The ogre is severely wounded.
You feel sick.
You are no longer poisoned.
The ogre hits you with a +0 giant spiked club!!
* * * LOW HITPOINT WARNING * * *
You hit the ogre.
The ogre is almost dead.
You block the ogre's attack.
You barely miss the ogre. Your headbutt misses the ogre.
The ogre is almost dead.
The ogre closely misses you.
You barely miss the ogre.
The ogre is almost dead.
You completely miss the ogre.
The ogre is almost dead.
The ogre hits you with a +0 giant spiked club!!
You die...

######## .......###
## #......###....
######.......#
####......#O##.....
#### #....######@#
### ...###.#######
#..# ##...........#
##...
..###.######.[ ##.#
#..)..##### ..#
.†<.#..#..######
!.#
...>....#......###
.#
#####........#....
..
.O########).......


You could see an ogre.

Vanquished Creatures
  Grinder (D:4)
  Eustachio (D:4)
  2 ice beasts
  2 ogres
  A phantom (D:4)
  A scorpion (D:5)
  2 hounds (D:4)
  A jelly (D:4)
  An iguana (D:5)
  9 gnolls
  9 adders
  2 worms
  3 dart slugs
  7 orcs
  9 ball pythons
  7 endoplasms
  2 giant cockroaches
  7 goblins
  5 hobgoblins
  3 jackals (D:3)
  9 kobolds
  2 quokkas
  6 bats
  3 frilled lizards
  7 rats
102 creatures vanquished.

Notes
Turn   | Place    | Note
-------+----------+-------------------------------------------
     0 | D:1      | Peloso the Minotaur Fighter began the quest for the Orb.
     0 | D:1      | Reached XP level 1. HP: 19/19 MP: 0/0
   305 | D:1      | Reached XP level 2. HP: 23/27 MP: 1/1
   533 | D:1      | Found a faded altar of an unknown god.
   835 | D:1      | Gained mutation: You are agile. (Dex +2) [potion of
                  | mutation]
   835 | D:1      | Gained mutation: You have hidden genetic potential. [potion
                  | of mutation]
   835 | D:1      | Lost mutation: You have hidden genetic potential. [potion
                  | of mutation]
   835 | D:1      | Gained mutation: Your muscles are strong. (Str +2) [potion
                  | of mutation]
  1009 | D:2      | Reached XP level 3. HP: 12/33 MP: 2/2
  1415 | D:2      | You fall into a shaft and drop 1 floor!
  1601 | D:2      | Reached XP level 4. HP: 37/40 MP: 3/3
  1843 | D:2      | Reached skill level 5 in Armour
  2558 | D:2      | Reached XP level 5. HP: 36/46 MP: 4/4
  3180 | D:4      | Noticed a phantom
  3183 | D:4      | Noticed an ogre
  3194 | D:4      | Killed a phantom
  3195 | D:4      | Reached skill level 5 in Long Blades
  3544 | D:5      | Entered Level 5 of the Dungeon
  3544 | D:5      | Noticed an ogre
  3858 | D:4      | Killed an ogre
  3859 | D:4      | Reached skill level 1 in Dodging
  3859 | D:4      | Reached XP level 6. HP: 10/53 MP: 5/5
  3875 | D:4      | Identified the +2 cloak of the Tired Mice {rCorr Int+4}
  3875 | D:4      | HP: 1/53 [frozen (5)]
  4225 | D:4      | Noticed Grinder
  4234 | D:4      | Killed Grinder
  4235 | D:4      | Reached skill level 5 in Fighting
  4235 | D:4      | Reached XP level 7. HP: 45/61 MP: 6/6
  4429 | D:4      | Noticed Eustachio
  4506 | D:4      | Killed Eustachio
  4937 | D:4      | Reached skill level 5 in Shields
  5143 | D:5      | Reached XP level 8. HP: 69/69 MP: 7/7
  5272 | D:5      | Demolished by an ogre

Illustrated notes

Levels and vault maps discovered:
D:1:      lemuel_arrival_muddy, layout_rooms, hellmonk_ecumenical_altar_zigzags,
          chequers_decorated_corner
D:2:      minmay_chambers_of_ones, layout_basic
D:3:      layout_rooms, minmay_misc_feat_four_crosses
D:4:      layout_basic, hex_tiny, uniq_grinder, uniq_eustachio
D:5:      layout_rooms, lemuel_temple_firewalk_a, uniq_duvessa

Skill      XL: |  1  2  3  4  5  6  7 |
---------------+----------------------+-----
Armour         | 4 5 6 7 |  7.3
Fighting       | 4 5 |  5.7
Shields        | 4 5 |  5.4
Long Blades    | 3 4 5 6 7 |  7.8
Dodging        | 1 |  1.5
Stealth        | |  0.7

Action                   |  1- 3 |  4- 6 |  7- 9 || total
-------------------------+-------+-------+-------++-------
Melee: Long sword        |    79 |   107 |   130 ||   316
       Headbutt          |    11 |    16 |    29 ||    56
  Use: Potion            |     2 |     4 |       ||     6
Armor: Scale mail        |    50 |    15 |       ||    65
       Plate armour      |       |    50 |    75 ||   125
Dodge: Dodged            |    50 |    42 |    40 ||   132
Block: Buckler           |    35 |    39 |    31 ||   105

Table legend: (Time is in decaauts)
 A = Elapsed time spent in this place.
 B = Non-inter-level travel time spent in this place.
 C = Inter-level travel time spent in this place.
 D = Time resting spent in this place.
 E = Time spent auto-exploring this place.
 F = Levels seen in this place.
 G = Mean time per level.
                   A        B        C        D        E       F      G
               +--------+--------+--------+--------+--------+-----+--------+
         Total |   5325 |   5277 |     48 |    760 |   3510 |   5 | 1065.0 |
       Dungeon |   5325 |   5277 |     48 |    760 |   3510 |   5 | 1065.0 |
               +--------+--------+--------+--------+--------+-----+--------+

Top non-repeatable levels by time:
     D:4: 1673 daAuts
     D:2: 1429 daAuts
     D:1: 1060 daAuts
     D:3: 1002 daAuts
     D:5: 159 daAuts
